 Dungeon Crawl Stone Soup version 0.19-a0-1401-g902f63d (console) character file.

146 flowsnake the Slasher (level 5, -2/26 HPs)
             Began as a Vine Stalker Gladiator on Sept 4, 2016.
             Killed by divine providence
             ... invoked by an orc priest
              (8 damage)
             ... on level 3 of the Dungeon.
             The game lasted 00:08:08 (2011 turns).

flowsnake the Slasher (Vine Stalker Gladiator)      Turns: 2011, Time: 00:08:09

Health: -2/26      AC:  5    Str: 17    XL:     5   Next: 28%
Magic:  0/6        EV: 13    Int:  8    God:
Gold:   117        SH:  0    Dex: 16    Spells: 0 memorised, 4 levels left

rFire  . . .     SeeInvis .     a - +0 long sword
rCold  . . .     Gourm    .     u - +2 animal skin
rNeg   . . .     Faith    .     (no shield)
rPois  .         Spirit   +     v - +0 helmet
rElec  .         Dismiss  .     (no cloak)
rCorr  .         Reflect  .     (no gloves)
MR     .....     Harm     .     (no boots)
Stlth  +.........               (no amulet)
                                (no ring)
                                (no ring)

@: no status effects
A: fangs 2, regeneration 1, magic shield, antimagic bite, no device heal 3, rot
immunity
a: no special abilities


You were on level 3 of the Dungeon.
You were hungry.

You visited 1 branch of the dungeon, and saw 3 of its levels.

You collected 117 gold pieces.

Inventory:

Hand Weapons
 a - a +0 long sword (weapon)
Missiles
 d - 3 throwing nets (quivered)
Armour
 b - a +0 leather armour
 u - a +2 animal skin (worn)
 v - a +0 helmet (worn)
Scrolls
 h - a scroll of fog {unknown}
 i - 2 scrolls of blinking
 j - a scroll of magic mapping {unknown}
 l - a scroll of remove curse {unknown}
 o - 2 scrolls of recharging {unknown}
 q - a scroll of teleportation {unknown}
Potions
 c - a potion of mutation {unknown}
 e - a potion of agility
 g - a potion of invisibility {unknown}
 k - a potion of lignification
 r - a potion of magic {unknown}
 t - a potion of beneficial mutation {unknown}
Comestibles
 f - a bread ration
 m - a meat ration


   Skills:
 - Level 1.8 Fighting
 + Level 5.2 Long Blades
 - Level 1.7 Throwing
 - Level 2.4 Dodging


You had 4 spell levels left.
You didn't know any spells.

Dungeon Overview and Level Annotations

Branches:
Dungeon (3/15)

Altars:
Gozag
Uskayaw
Zin


Innate Abilities, Weirdness & Mutations

You have extremely sharp teeth.
Your natural rate of healing is unusually fast.
When hurt, damage is shared between your health and your magic reserves.
Your bite disrupts and absorbs the magic of your enemies.
Potions and wands cannot restore your health.
You are immune to rotting.


Message History

Your bite misses the orc priest.
The orc priest is lightly wounded.
You hit the orc priest but do no damage.
You bite the orc priest, but do no damage.
The orc priest is lightly wounded.
The orc completely misses you. The orc hits you but does no damage.
The orc priest misses you.
You riposte.
You hit the orc priest.
The orc priest is moderately wounded.
The orc barely misses you.
You riposte.
You hit the orc.
The orc is heavily wounded.
You barely miss the orc priest.
You bite the orc priest, but do no damage.
The orc priest is moderately wounded.
The orc completely misses you. The orc priest barely misses you.
The orc barely misses you.
You hit the orc priest.
The orc priest is moderately wounded.
The orc misses you.
You riposte.
You hit the orc. You bite the orc. You drain its power.
You feel invigorated.
The orc is severely wounded.
The orc priest calls down the wrath of Beogh upon you.
Beogh smites you!
You die... ███ █<█ ████·█ · █····█ ████████████

·· █····█ █··········█ ···
█····█ █··········█ ····
██····████··········█████ ···█
█···················[·)·█····█·
█·········█████····%···fo······
█··██·██··█ █·████··oo██████·
█··█······█ █>········(···
█··█·███·██ █·████····████ █·
██ ··· █·█ █····█ ·█·█ █·█
█····█ █·█·· █·· ·····█ █ ███
·· ····███


You could see an orc priest and 2 orcs.

Vanquished Creatures
  An orc priest (D:3)
  Robin (D:2)
  2 adders (D:2)
  An ooze (D:2)
  3 worms (D:2)
  2 giant geckos (D:1)
  5 orcs (D:3)
  3 bats
  2 giant cockroaches
  14 goblins
  8 hobgoblins
  4 jackals (D:1)
  A quokka (D:2)
  4 giant newts
  9 kobolds
  6 rats
66 creatures vanquished.

Notes
Turn   | Place    | Note
-------+----------+-------------------------------------------
     0 | D:1      | flowsnake the Vine Stalker Gladiator began the quest for the Orb.
     0 | D:1      | Reached XP level 1. HP: 11/11 MP: 2/2
     6 | D:1      | Noticed an electric eel
   103 | D:1      | Reached skill level 3 in Long Blades
   105 | D:1      | Reached XP level 2. HP: 12/15 MP: 1/3
   460 | D:1      | Reached XP level 3. HP: 18/18 MP: 4/4
  1060 | D:2      | Found a hide-covered altar of Uskayaw.
  1161 | D:2      | Reached skill level 4 in Long Blades
  1356 | D:2      | Gained mutation: Your natural rate of healing is unusually fast. [Vine Stalker growth]
  1356 | D:2      | Reached XP level 4. HP: 23/23 MP: 5/5
  1509 | D:2      | Noticed Robin
  1527 | D:2      | Killed Robin
  1670 | D:2      | Found a glowing silver altar of Zin.
  1672 | D:2      | Found an opulent altar of Gozag.
  2002 | D:3      | Reached skill level 5 in Long Blades
  2002 | D:3      | Reached XP level 5. HP: 22/26 MP: 6/6
  2011 | D:3      | Killed from afar by an orc priest

Vault maps used:
D:1:      arrival_aquarium_a, minmay_newt_pond
D:2:      kb_forest_paths, grunt_temple_overflow_gold_and_silver,
          lemuel_round_altar, hangedman_decor_opposing, minivault_24, uniq_robin
D:3:      overflow_temple_1_default, ecumenical_altar_1,
          nicolae_qazlal_eye_of_the_storm

Skill      XL: |  1  2  3  4 |
---------------+-------------+-----
Long Blades    | 3 4 5 |  5.2
Fighting       | |  1.8
Throwing       | |  1.7
Dodging        | |  2.4

Action                   |  1- 3 |  4- 6 || total
-------------------------+-------+-------++-------
Melee: Long sword        |    82 |    93 ||   175
       Bite              |    22 |    29 ||    51
  Use: Scroll            |     3 |     1 ||     4
 Stab: Sleeping          |     1 |       ||     1
  Eat: Chunk             |       |     3 ||     3
Armor: Leather armour    |    14 |    12 ||    26
       Animal skin       |       |    13 ||    13
Dodge: Dodged            |    46 |    63 ||   109
